AoeStats
← MatzeAoE

MegaRandom

505753139Analyzed
2v2 RM · 21d ago on Sep 10, 2026· 31m 30s· 4 players
Game mode
Random Map
Map size
Medium (4 player)
Population
200
Speed
Normal
Resources
Standard
Victory
Conquest
Starting age
Dark Age
Ending age
Imperial Age
RankedLock teamsTeams togetherTeam positionsShared explorationLock speedFull tech treeHidden civsTurbo modeCheats
Victory
Defeat
🇳🇿 Spanish · New Zealand
1567
+12
🇨🇴 Mongols · Colombia
1541
+13
🇩🇪 Mongols · Germany
1542
-14
🇩🇪 Berbers · Germany
1427
-11
Red_Iffun
6:04 Loom
14:24 Feudal Age
15:37 Gold Mining
15:39 Double-Bit Axe
22:19 Castle Age
22:05 Stone Mining
23:20 Bow Saw
23:19 Horse Collar
24:24 Wheelbarrow
24:01 Fishing Lines
24:59 Heavy Plow
26:11 Gillnets
29:04 Fletching
30:29 Bodkin Arrow
MatzeAoE
0:31 Loom
13:18 Feudal Age
17:07 Castle Age
14:58 Double-Bit Axe
18:01 Medium Warships
18:19 Bow Saw
19:06 Fletching
22:15 Town Watch
25:10 Fishing Lines
27:28 Gillnets
30:28 Bodkin Arrow
30:38 Gold Mining
32:14 Wheelbarrow
Joaquin12
0:31 Loom
12:16 Feudal Age
16:19 Castle Age
24:07 Double-Bit Axe
25:16 Sanctity
25:59 Redemption
27:18 Town Watch
[GDL] turbojj
8:44 Loom
11:17 Feudal Age
12:25 Double-Bit Axe
20:19 Castle Age
19:24 Fletching
19:48 Stone Mining
21:52 Medium Warships
22:39 Bodkin Arrow
23:06 Ballistics
24:03 Padded Archer Armor
25:18 Bloodlines
25:54 Husbandry
31:18 Leather Archer Armor
Connection lost

Rejoining the realm…

Still unreachable

The connection could not be restored.

Session expired

The server has moved on; the page needs a fresh start.